 Dungeon Crawl Stone Soup version 0.28.0-1-gb440e238dd (webtiles) character file.

Game seed: 8755485577497110473

200 Lambsauce the Conjurer (level 5, -1/39 HPs)
             Began as a Draconian Conjurer on Feb 24, 2022.
             Killed by divine providence
             ... invoked by an orc priest
              (9 damage)
             ... on level 4 of the Dungeon.
             The game lasted 00:19:06 (3125 turns).

Lambsauce the Conjurer (Draconian Conjurer)         Turns: 3125, Time: 00:19:07

Health: -1/39      AC:  9    Str:  9    XL:     5   Next: 48%
Magic:  6/9        EV: 12    Int: 21    God:
Gold:   50         SH:  0    Dex:  9    Spells: 4/9 levels left

rFire   . . .      SeeInvis .   i - +2 mace (holy)
rCold   . . .      Faith    .   (no shield)
rNeg    + . .      Spirit   .   (armour unavailable)
rPois   +          Reflect  .   (helmet restricted)
rElec   .          Harm     .   j - +1 cloak {rPois}
rCorr   .          Rampage  .   a - +1 pair of gloves
Will    .....                   (no boots)
Stlth   ++........              (no amulet)
HPRegen 0.13/turn               g - ring of positive energy
MPRegen 0.11/turn               (no ring)

@: no status effects
A: AC +5, unfitting armour, cold-blooded
a: no special abilities


You were on level 4 of the Dungeon.
You visited 1 branch of the dungeon, and saw 4 of its levels.

You collected 132 gold pieces.
You spent 82 gold pieces at shops.

Inventory:

Hand Weapons
 b - a +0 spear
 d - a +0 halberd
 i - a +2 mace of holy wrath (weapon)
Armour
 a - a +1 pair of gloves (worn)
 j - a +1 cloak of poison resistance (worn)
Magical Staves
 h - a staff of poison
Jewellery
 g - a ring of positive energy (left hand)
Scrolls
 f - a scroll of enchant weapon
Potions
 c - 2 potions of lignification (quivered)


   Skills:
 + Level 0.7 Fighting
 + Level 1.8 Polearms
 + Level 2.5 Dodging
 + Level 2.4 Stealth
 + Level 2.7 Spellcasting
 + Level 5.1 Conjurations
 + Level 0.5 Translocations


You had 4 spell levels left.
You knew the following spells:

 Your Spells              Type           Power      Damage    Failure   Level
a - Magic Dart            Conj           96%        1d7       1%          1
b - Blink                 Tloc           10%        N/A       16%         2
c - Searing Ray           Conj           48%        2d6       2%          2

Your spell library contained the following spells:

 Spells                   Type           Power      Damage    Failure   Level
 Shock                    Conj/Air       52%        1d6       4%          1
 Dazzling Flash           Conj/Hex       26%        N/A       14%         3
 Lesser Beckoning         Tloc           5%         N/A       32%         3
 Swiftness                Air            2%         N/A       38%         3
 Iskenderun's Mystic Bla  Conj/Tloc      14%        2d5       38%         4
 Fulminant Prism          Conj/Hex       6%         3d7       43%         4
 Airstrike                Air            1%         N/A       80%         4
 Manifold Assault         Tloc           5%         N/A       96%         5


Dungeon Overview and Level Annotations

Branches:
Dungeon (4/15)
 Temple: D:4-7

Altars:

Shops:
D:3 ?


Innate Abilities, Weirdness & Mutations

Your plain brown scales are hard. (AC +5)
You cannot fit into any form of body armour.
You are cold-blooded and may be slowed by cold attacks.


Message History

Your endoplasm dissolves into shadows!
You feel better.
An orc priest is nearby!
You barely miss something. Something hits you but does no damage.
Your ogre hits something with a +0 giant club!
You miss something. Something hits your ogre.
Your ogre is poisoned.
Your ogre barely misses something.
The orc priest invokes the aid of Beogh against you.
Something writhes in agony!
Reactivating autopickup.
You feel a bit more experienced.
The orc priest hits you but does no damage.
Things that are here:
a +1 dagger of venom; a +0 robe You barely miss the orc priest.
The orc priest hits you with a +0 club.
You barely miss the orc priest.
The orc priest hits you but does no damage. x2
You barely miss the orc priest. You tail-slap the orc priest.
The orc priest is lightly wounded.
The orc priest hits you but does no damage.
You hit the orc priest.
The orc priest is moderately wounded.
The orc priest hits you but does no damage.
You barely miss the orc priest.
The orc priest is moderately wounded.
The orc priest closely misses you.
The orc priest mumbles some strange prayers to Beogh against you.
Beogh smites you!
You closely miss the orc priest.
The orc priest is moderately wounded.
The orc priest hits you with a +0 club.
* * * LOW HITPOINT WARNING * * *
You swap places.
The orc priest invokes the aid of Beogh against you.
Your ogre writhes in agony!
Your ogre closely misses the orc priest.
The orc priest calls down the wrath of Beogh upon you.
Beogh smites you!
You die...

....# .#. ....# .#
...######.... ..#
............ #+##..#
#.......... ......#
.......... .....>.
#........# .......
.........####.....?.
##.#..@rOoo.#.#
......#.######.#.#
.....o...# #.#.#
.........# ##.#.# #
...!.....#
#....##...
.......[.#
#.........
.........###
#.[.#.g...
........o..#
##.##.....
...?...)<..# #.#
....


You could see an orc priest (ally target), an orc, a friendly ogre (summoned,
very poisoned) and a friendly quokka (summoned).

Vanquished Creatures
  2 orc wizards
  5 gnolls
  3 adders
  12 orcs
  5 ball pythons
  6 bats
  2 giant cockroaches
  A hobgoblin (D:1)
  2 quokkas
  2 frilled lizards
  A goblin (D:2)
  4 kobolds
  2 rats
47 creatures vanquished.

Vanquished Creatures (others)
  An orc wizard (D:4)
1 creature vanquished.

Grand Total: 48 creatures vanquished

Notes
Turn   | Place    | Note
-------+----------+-------------------------------------------
     0 | D:1      | Lambsauce the Draconian Conjurer began the quest for the
                  | Orb.
     0 | D:1      | Reached XP level 1. HP: 14/14 MP: 3/3
   268 | D:1      | Reached skill level 1 in Polearms
   268 | D:1      | Reached XP level 2. HP: 12/20 MP: 0/5
   634 | D:1      | Learned a level 2 spell: Blink
   637 | D:1      | Learned a level 2 spell: Searing Ray
  1097 | D:2      | Reached XP level 3. HP: 26/26 MP: 6/6
  1331 | D:2      | Found a faded altar of an unknown god.
  1952 | D:3      | Found Poqenti's Magic Scroll Boutique.
  1968 | D:3      | Bought a scroll of enchant weapon for 82 gold pieces
  2104 | D:3      | Reached XP level 4. HP: 22/33 MP: 5/7
  2457 | D:3      | Reached skill level 5 in Conjurations
  2594 | D:3      | Reached XP level 5. HP: 39/39 MP: 3/8
  3125 | D:4      | Killed from afar by an orc priest

Illustrated notes

Levels and vault maps discovered:
D:1:      minmay_arrival_open_corners, layout_basic
D:2:      layout_loops_ring, hellmonk_ecumenical_altar_crossroads
D:3:      layout_basic, serial_shops, nicolae_diamond_shop, serial_park_tiny_1,
          grunt_decor_one_mirror, serial_bayou_crossing
D:4:      layout_basic, portal_sewer_entry_f, due_unseen_surprise

Skill      XL: |  1  2  3  4 |
---------------+-------------+-----
Polearms       | 1 |  1.8
Dodging        | 2 |  2.5
Stealth        | 2 |  2.4
Conjurations   | 5 |  5.1
Fighting       | |  0.7
Spellcasting   | |  2.7
Translocations | |  0.5

Action                   |  1- 3 |  4- 6 || total
-------------------------+-------+-------++-------
Melee: Spear             |    10 |       ||    10
       Halberd           |    60 |       ||    60
       Tailslap          |     3 |     1 ||     4
       Mace              |       |    15 ||    15
 Cast: Magic Dart        |    25 |    13 ||    38
       Searing Ray       |     7 |     4 ||    11
       Blink             |     1 |     2 ||     3
  Use: Scroll            |     4 |     1 ||     5
       Potion            |     7 |     1 ||     8
 Stab: Sleeping          |     1 |       ||     1
Armor: Skin              |    40 |    17 ||    57
Dodge: Dodged            |    72 |    16 ||    88
